 Dungeon Crawl Stone Soup version 0.29.1-15-g9cfb28693d (webtiles) character file.

Game seed: 12677926060627747914

322 Ast3rio the Covered (level 6, -2/55 HPs)
             Began as a Minotaur Fighter on Mar 28, 2023.
             Was an Initiate of Okawaru.
             Killed from afar by an orc wizard (7 damage)
             ... with a magic dart
             ... on level 4 of the Dungeon.
             The game lasted 00:04:53 (3741 turns).

Ast3rio the Covered (Minotaur Fighter)              Turns: 3741, Time: 00:04:53

Health: -2/55      AC:  7    Str: 23    XL:     6   Next: 22%
Magic:  5/5        EV:  9    Int:  5    God:    Okawaru [......]
Gold:   304        SH:  4    Dex:  9    Spells: 5/5 levels left

rFire   . . .      SeeInvis .   m - +0 short sword (drain)
rCold   . . .      Faith    .   c - +0 buckler
rNeg    . . .      Spirit   .   b - +0 scale mail
rPois   .          Reflect  .   (helmet restricted)
rElec   .          Harm     .   (no cloak)
rCorr   .          Rampage  .   (no gloves)
Will    .....                   (no boots)
Stlth   ..........              (no amulet)
HPRegen 0.18/turn               (no ring)
MPRegen 0.09/turn               (no ring)

@: no status effects
A: horns 2, retaliatory headbutt
a: Renounce Religion


You were on level 4 of the Dungeon.
You worshipped Okawaru.
Okawaru was noncommittal.
You visited 1 branch of the dungeon, and saw 4 of its levels.

You collected 304 gold pieces.

Inventory:

Hand Weapons
 a - a +0 war axe
 m - a +0 short sword of draining (weapon)
Armour
 b - a +0 scale mail (worn)
 c - a +0 buckler (worn)
Jewellery
 g - a +6 ring of intelligence
 w - a ring of protection from fire
Scrolls
 f - 2 scrolls of blinking {unknown}
 h - a scroll of magic mapping {unknown}
 i - 2 scrolls of acquirement {unknown}
 n - a scroll of butterflies {unknown}
 q - a scroll of enchant weapon {unknown}
 r - a scroll of vulnerability {unknown}
 t - 3 scrolls of immolation {unknown}
 u - a scroll of enchant armour {unknown}
 v - 2 scrolls of teleportation {unknown}
 x - 3 scrolls of noise {unknown}
Potions
 d - a potion of might
 e - 5 potions of curing {unknown}
 j - a potion of brilliance {unknown}
 k - 2 potions of mutation {unknown}
 l - a potion of cancellation {unknown}
 o - a potion of heal wounds {unknown}
 p - a potion of resistance {unknown}
 s - 2 potions of attraction {unknown}


   Skills:
 * Level 4.9 Fighting
 * Level 2.5 Short Blades
 + Level 4.2 Axes
 + Level 5.4 Armour
 + Level 0.9 Dodging
 + Level 0.2 Stealth
 + Level 4.2 Shields


You had 5 spell levels left.
You didn't know any spells.
Your spell library contained the following spells:

 Spells                   Type           Power      Damage    Failure   Level
 Slow                     Hex            0%         N/A       86%         1
 Confusing Touch          Hex            0%         N/A       99%         3
 Vampiric Draining        Necr           0%         2d6       99%         3


Dungeon Overview and Level Annotations

Branches:
Dungeon (4/15)
 Temple: D:4-7

Altars:
Okawaru


Innate Abilities, Weirdness & Mutations

You have a pair of horns on your head.
You reflexively headbutt those who attack you in melee.


Message History

The orc priest is severely wounded.
You block the orc wizard's attack.
The orc priest invokes the aid of Beogh against you.
Pain shoots through your body!
The orc priest hits you with a +0 hand axe!
* * * LOW HITPOINT WARNING * * *
You hit the orc wizard. Your headbutt misses the orc wizard.
The orc wizard is lightly wounded.
The orc priest barely misses you. You furiously retaliate!
You headbutt the orc priest, but do no damage.
The orc wizard gestures at you while chanting.
You resist with some effort.
The orc priest hits you but does no damage.
You hit the orc priest.
The orc priest is almost dead.
The orc priest hits you but does no damage.
You block the orc wizard's attack.
The orc priest hits you with a +0 hand axe.
* * * LOW HITPOINT WARNING * * *
You barely miss the orc priest. Your headbutt misses the orc priest.
The orc priest is almost dead.
The orc wizard hits you but does no damage.
The orc priest hits you with a +0 club.
* * * LOW HITPOINT WARNING * * *
The orc priest hits you with a +0 hand axe.
* * * LOW HITPOINT WARNING * * *
You completely miss the orc priest. You headbutt the orc priest.
You kill the orc priest!
Okawaru accepts your kill. The orc priest closely misses you.
Unknown command.
You barely miss the orc. You headbutt the orc!
You kill the orc!
Okawaru accepts your kill. You block the orc wizard's attack.
The orc priest hits you but does no damage.
You hit the orc but do no damage. The orc wizard casts a spell at you.
The magic dart hits you!
You die...

...############# ...'...........#
...#.†.........# #
...#.....######### .#
...#.....##..###.# ...
...#......'......# ..>.
...#......#......# .....
...########'######......
................@o......
................oo......
........................
........................#########
...##'#####'#######..............
...#......'.......+..............
...#......#.......#..............
...#.....##.......#..............
...#.....##.......#..............


You could see an orc priest, an orc wizard and an orc.

Vanquished Creatures
  A scorpion (D:4)
  An orc priest (D:4)
  A hound (D:4)
  3 gnolls (D:3)
  10 adders
  4 worms
  An adder skeleton (D:3)
  5 orcs
  10 endoplasms
  2 giant cockroaches (D:3)
  4 goblins
  3 hobgoblins
  2 jackals (D:2)
  2 quokkas (D:4)
  6 ball pythons
  2 ball python skeletons (D:3)
  3 frilled lizards
  4 kobolds
  6 rats
70 creatures vanquished.

Notes
Turn   | Place    | Note
-------+----------+-------------------------------------------
     0 | D:1      | Ast3rio the Minotaur Fighter began the quest for the Orb.
     0 | D:1      | Reached XP level 1. HP: 19/19 MP: 0/0
   329 | D:1      | Reached XP level 2. HP: 25/27 MP: 1/1
   751 | D:2      | Reached skill level 4 in Armour
   991 | D:2      | Reached XP level 3. HP: 30/31 MP: 2/2
  1342 | D:2      | Reached XP level 4. HP: 40/40 MP: 3/3
  1553 | D:2      | Found a faded altar of an unknown god.
  1553 | D:2      | Noticed an orange demon
  2013 | D:3      | Reached skill level 1 in Short Blades
  2324 | D:3      | Reached XP level 5. HP: 34/47 MP: 4/4
  2841 | D:3      | Found an iron altar of Okawaru.
  2852 | D:3      | Became a worshipper of Warmaster Okawaru
  3393 | D:4      | Reached skill level 5 in Armour
  3555 | D:4      | Reached XP level 6. HP: 38/55 MP: 5/5
  3741 | D:4      | Killed from afar by an orc wizard

Illustrated notes

Levels and vault maps discovered:
D:1:      sevenhm_arrival_forest_fort_small_3, layout_rooms
D:2:      layout_basic, dreamdust_ecumenical_altar_sealed_demon,
          grunt_ministairs_14, chequers_serial_rivers_micro_e, minmay_3d_cube
D:3:      layout_basic, kennysheep_okawaru_gauntlet, serial_undead,
          serial_undead_c, serial_undead_f, serial_undead_a, serial_undead_d,
          minmay_vboxes
D:4:      layout_gridville, nrook_campfire

Skill      XL: |  1  2  3  4  5 |
---------------+----------------+-----
Fighting       | 4 |  4.9
Armour         | 4 5 |  5.4
Axes           | 3 4 |  4.2
Shields        | 4 |  4.2
Short Blades   | 1 2 |  2.5
Dodging        | |  0.9
Stealth        | |  0.2

Action                   |  1- 3 |  4- 6 || total
-------------------------+-------+-------++-------
Melee: War axe           |    49 |       ||    49
       Headbutt          |    13 |    29 ||    42
       Short sword       |    33 |   158 ||   191
Armor: Scale mail        |    43 |   103 ||   146
Dodge: Dodged            |    38 |    64 ||   102
Block: Buckler           |    11 |    43 ||    54
